 Dungeon Crawl Stone Soup version 0.32-a0-779-g362cfcae2a (webtiles) character file.

Game seed: 10706342154959270570

17913 hikkokomori the Prestidigitator (level 12, -5/92 HPs)
             Began as a Coglin Hexslinger on Mar 19, 2024.
             Was a High Priest of Okawaru.
             Slain by a two-headed ogre
             ... wielding a +2 dire flail of protection
              (18 damage)
             ... on level 11 of the Dungeon.
             The game lasted 00:36:32 (13773 turns).

hikkokomori the Prestidigitator (CoHs)             Turns: 13773, Time: 00:36:32

Health: -5/92      AC:  8    Str:  9    XL:     12   Next: 53%
Magic:  10/21      EV: 12    Int: 14    God:    Okawaru [*****.]
Gold:   1420       SH:  0    Dex: 20    Spells: 6/23 levels left

rFire   + . .        a - +5 sling (flame) {Henutmehyt}
rCold   + . .        h - +0 sling {Thatsani}
rNeg    . . .        z - +1 steam dragon scales
rPois   .            v - +0 helmet
rElec   .            y - scarf {rC+ rF+}
rCorr   .            M - +0 pair of gloves of the gadgeteer {Gadgeteer Wandboost ^Fragile}
SInv    .            (no boots)
Will    .....        (amulet unavailable)
Stlth   ++           (ring unavailable)
HPRegen 0.35/turn    (ring unavailable)
MPRegen 0.17/turn    (no gizmo)

%: no passive effects
@: weak-willed, slowed, revving, very slow
A: off-hand wielding, slow wielding, warmup strikes, no jewellery
a: Invent Gizmo, Renounce Religion, Heroism, Finesse, Duel


You were on level 11 of the Dungeon.
You worshipped Okawaru.
Okawaru was extremely pleased with you.
You visited 3 branches of the dungeon, and saw 13 of its levels.

You collected 1758 gold pieces.
You spent 338 gold pieces at shops.

Inventory:

Hand Weapons
 a - a +5 sling of flaming (weapon) {Henutmehyt}
 h - a +0 sling (offhand) {Thatsani}
Missiles
 d - a curare-tipped dart
 o - 5 throwing nets
 D - 5 silver javelins
Armour
 c - a +0 robe
 u - a +0 cloak
 v - a +0 helmet (worn)
 y - a scarf of resistance (worn)
 z - +1 steam dragon scales (worn)
 M - the +0 pair of gloves of the gadgeteer (worn) {Gadgeteer Wandboost ^Fragile}
   (You found it on level 9 of the Dungeon)

   Gadgeteer: Your evocable items recharge 30% faster and wands have a 30%
   chance to not spend a charge.
   Wandboost: Your wands are more powerful.
   ^Fragile:  It will be destroyed if unequipped.
Wands
 s - a wand of acid (9)
 B - a wand of mindburst (5)
 G - a wand of flame (10)
 H - a wand of paralysis (10)
Scrolls
 b - 3 scrolls of poison
 g - 2 scrolls of silence
 i - 2 scrolls of torment
 l - 2 scrolls of teleportation
 n - 3 scrolls of noise
 p - 4 scrolls of amnesia
 w - 3 scrolls of fear
 I - a scroll of fog
 L - a scroll of enchant armour
Potions
 e - 2 potions of invisibility {unknown}
 f - 2 potions of attraction
 j - 4 potions of brilliance
 k - a potion of degeneration
 m - a potion of haste {unknown}
 q - 2 potions of magic
 r - 2 potions of enlightenment
 t - 5 potions of curing
 x - 2 potions of berserk rage
 C - a potion of might {unknown}
 E - a potion of cancellation
 F - a potion of ambrosia {unknown}
 K - a potion of mutation {unknown}


   Skills:
 + Level 7.7 Fighting
 + Level 8.6 Ranged Weapons
 - Level 2.0 Dodging
 - Level 6.0 Spellcasting
 - Level 7.0 Hexes
 + Level 5.8 Translocations
 - Level 5.2 Fire Magic
 - Level 7.0 Alchemy
 - Level 3.0 Invocations
 + Level 9.1 Evocations


You had 6 spell levels left.
You knew the following spells:

 Your Spells              Type           Power      Damage    Failure   Level
a - Jinxbite              Hex            46%        N/A       1%          2
b - Inner Flame           Hex/Fire       21%        N/A       3%          3
c - Olgreb's Toxic Radia  Alch           23%        N/A       9%          4
d - Dimensional Bullseye  Hex/Tloc       11%        N/A       11%         4
e - Cause Fear            Hex            11%        N/A       9%          4

Your spell library contained the following spells:

 Spells                   Type           Power      Damage    Failure   Level
 Apportation              Tloc           40%        N/A       1%          1
 Slow                     Hex            92%        N/A       1%          1
 Confusing Touch          Hex            23%        N/A       2%          3
 Sigil of Binding         Hex            23%        N/A       2%          3
 Sting                    Conj/Alch      56%        1d6       3%          1
 Gell's Gravitas          Tloc           20%        N/A       4%          3
 Volatile Blastmotes      Fire/Tloc      38%        2d13      4%          3
 Mercury Vapours          Alch/Air       28%        N/A       5%          2
 Kiss of Death            Conj/Necr      16%        2d6       16%         1
 Necrotise                Necr           16%        1d4       16%         1
 Sandblast                Erth           8%         2d5       16%         1
 Mephitic Cloud           Conj/Alch/Air  10%        N/A       19%         3
 Sublimation of Blood     Necr           4%         N/A       24%         2
 Alistair's Intoxication  Alch           15%        N/A       24%         5
 Petrify                  Alch/Erth      14%        N/A       36%         4
 Hailstorm                Conj/Ice       4%         3d5       43%         3
 Passwall                 Erth           4%         N/A       43%         3
 Stone Arrow              Conj/Erth      8%         3d7       43%         3
 Vampiric Draining        Necr           4%         2d6       43%         3
 Iskenderun's Mystic Bla  Conj/Tloc      12%        2d5       43%         4
 Irradiate                Conj/Alch      7%         3d14      71%         5
 Brom's Barrelling Bould  Conj/Erth      4%         2d3       83%         4
 Dispel Undead            Necr           4%         3d7       83%         4
 Freezing Cloud           Conj/Ice/Air   2%         6-21      99%         5
 Bombard                  Conj/Erth      2%         9d1       100%        6
 Tukima's Dance           Hex            Unusable   N/A       N/A         3
 Summon Small Mammal      Summ           Unusable   N/A       N/A         1

Dungeon Overview and Level Annotations

Branches:
Dungeon (11/15)            Temple (1/1) D:4            Lair (1/5) D:8
    Orc (0/2) D:10

Altars:
Ashenzari
Cheibriados
Dithmenos
Elyvilon
Fedhas
Gozag
Hepliaklqana
Kikubaaqudgha
Makhleb
Nemelex Xobeh
Okawaru
Qazlal
Ru
Sif Muna
Trog
Uskayaw
Vehumet
Wu Jian
Xom
Yredelemnul
Zin
The Shining One

Shops:
D:9 (   D:10 :

Annotations:
D:2 1 runed translucent door, Crazy Yiuf
D:8 2 runed translucent doors


Innate Abilities, Weirdness & Mutations

You can wield a second weapon in your off-hand.
It takes a long time for you to wield or remove held weapons.
Your first few attacks do less damage.
You cannot equip rings or amulets.


Message History

The wraith is heavily damaged.
You shoot a sling bullet. The sling bullet hits the wraith.
The sling bullet burns the wraith.
The wraith is severely damaged.
A giggling sprite leaps out and smacks the wraith with its own hand.
The wraith is severely damaged.
A giggling sprite leaps out and doodles on the wraith's face.
The wraith is almost destroyed.
The jinxing sprites lose interest in you.
The wraith closely misses you.
You shoot a sling bullet.
The sling bullet hits the wraith but does no damage.
The wraith is almost destroyed.
You shoot a sling bullet.
The sling bullet hits the wraith but does no damage.
The wraith is almost destroyed.
The wraith misses you. The wraith barely misses you.
You shoot a sling bullet. The sling bullet hits the wraith!
The sling bullet burns the wraith.
You destroy the wraith!
Okawaru accepts your kill.
You shoot a sling bullet.
You hear the faint crackling of a distant melting archway.
Casting: Jinxbite (safe; 1% risk of failure)
Confirm with . or Enter, or press ? or * to list all spells.
Okay, then.
Aiming: Paralyse
Press: ? - help, Shift-Dir - straight line, f - two-headed ogre
Aim: a two-headed ogre, wielding a +2 dire flail of protection and a +0 giant club (chance to affect: 59%)
The two-headed ogre resists with significant effort.
The two-headed ogre closely misses you.
The two-headed ogre hits you with a +0 giant club!!
* * * LOW HITPOINT WARNING * * *
Aiming: Paralyse
Press: ? - help, Shift-Dir - straight line, f/p - two-headed ogre
Aim: a two-headed ogre, wielding a +2 dire flail of protection and a +0 giant club (chance to affect: 59%)
The two-headed ogre resists with significant effort.
The two-headed ogre barely misses you.
The two-headed ogre hits you with a +0 giant club!!
You die...

##.......#...#.....
#####...............#
##...#..........##...O.
#......##..........)...
###....................
###
##..............##...
#..###
##...##.......[## #..
#....#
#...O##.........# ..
#...###...@.#........##
.
##...##..##.###.......#
#........#..#####....##
#............# ....#
##...........# ...
##.........:...
##......>.......
####...............
#.......##.........


You could see a two-headed ogre.

Vanquished Creatures
  2 centaur warriors (D:9)
  4 two-headed ogres (D:9)
  2 boulder beetles (D:9)
  Sonja (D:11)
  A deep elf pyromancer (D:9)
  Maurice (D:10)
  2 cyclopes (D:9)
  2 cane toads (Lair:1)
  An unseen horror (D:9)
  2 komodo dragons
  3 trolls
  A hornet (D:7)
  A shadow (D:9)
  A vampire (D:9)
  2 wraiths
  A wyvern (D:9)
  A basilisk (Lair:1)
  21 yaks
  A warg (D:9)
  2 steam dragons
  Edmund (D:6)
  2 acid dragons
  6 water moccasins
  2 orc warriors (D:9)
  A sky beast (D:8)
  2 laughing skulls (D:9)
  A boggart (D:9)
  2 ogres (D:5)
  A centaur (D:6)
  2 wolves (D:10)
  A phantom (D:5)
  4 kobold brigands
  5 bullfrogs
  2 gnoll sergeants
  2 scorpions
  A wight (D:9)
  9 killer bees
  6 howler monkeys
  6 hounds
  A bombardier beetle (D:4)
  4 jellies
  2 gnoll boudas
  4 orc priests
  2 iguanas (D:6)
  7 orc wizards
  35 gnolls
  9 adders
  2 white imps
  2 dart slugs
  A ribbon worm (D:4)
  34 orcs
  4 bats
  11 endoplasms
  4 giant cockroaches
  7 goblins
  6 hobgoblins
  21 jackals
  37 kobolds
  9 quokkas
  8 ball pythons
  2 frilled lizards
  3 rats
323 creatures vanquished.

Notes
Turn   | Place    | Note
-------+----------+-------------------------------------------
     0 | D:1      | hikkokomori the Coglin Hexslinger began the quest for the
                  | Orb.
     0 | D:1      | Reached XP level 1. HP: 15/15 MP: 2/2
    68 | D:1      | Reached skill level 1 in Fire Magic
   117 | D:1      | Reached XP level 2. HP: 21/21 MP: 3/3
   414 | D:1      | Learned a level 2 spell: Jinxbite
   420 | D:1      | Reached XP level 3. HP: 24/26 MP: 1/4
   768 | D:2      | Found a runed translucent door.
   769 | D:2      | Noticed Crazy Yiuf
   801 | D:2      | Reached XP level 4. HP: 30/33 MP: 6/6
  1211 | D:3      | Reached XP level 5. HP: 38/38 MP: 7/7
  1381 | D:3      | Reached XP level 6. HP: 43/46 MP: 9/9
  1971 | D:2      | Learned a level 3 spell: Inner Flame
  1976 | D:2      | Learned a level 4 spell: Olgreb's Toxic Radiance
  2284 | D:3      | Reached skill level 1 in Alchemy
  2284 | D:3      | Reached XP level 7. HP: 52/52 MP: 10/10
  3108 | D:4      | Found a burning altar of Makhleb.
  3234 | D:4      | Found a hazy altar of Hepliaklqana.
  3351 | D:4      | Found a staircase to the Ecumenical Temple.
  3357 | Temple   | Entered the Ecumenical Temple
  3454 | D:5      | Entered Level 5 of the Dungeon
  3487 | D:5      | Reached XP level 8. HP: 60/60 MP: 12/12
  3782 | D:5      | Noticed a yak
  3782 | D:5      | Noticed a yak
  3787 | D:5      | Killed a yak
  3787 | D:5      | Killed a yak
  3787 | D:5      | Noticed a yak
  3793 | D:5      | Noticed a yak
  3795 | D:5      | Noticed a yak
  3796 | D:5      | Noticed a yak
  3805 | D:5      | Killed a yak
  3808 | D:5      | Killed a yak
  3823 | D:5      | Killed a yak
  3824 | D:5      | Reached skill level 5 in Hexes
  3824 | D:5      | Reached XP level 9. HP: 12/66 MP: 2/14
  3827 | D:5      | HP: 4/100 [ogre/+0 giant club (9)]
  4267 | D:5      | Reached skill level 5 in Fighting
  4752 | D:5      | Identified the +0 plate armour "Zierr" {rElec rC- Str+4}
  5308 | D:6      | Reached skill level 5 in Ranged Weapons
  6061 | D:6      | Found a shimmering blue altar of Sif Muna.
  6167 | D:6      | Noticed Edmund
  6177 | D:6      | Killed Edmund
  6947 | D:7      | Found a basalt altar of Yredelemnul.
  7042 | D:7      | Reached skill level 5 in Fire Magic
  7192 | D:7      | Reached skill level 5 in Alchemy
  7264 | D:7      | Reached XP level 10. HP: 42/76 MP: 10/17
  8049 | D:8      | Reached skill level 1 in Evocations
  8055 | D:8      | Reached skill level 5 in Spellcasting
  8407 | D:8      | Found the amulet of Elemental Vulnerability {rPois rF--
                  | rC-- AC+8}
  8498 | D:8      | Found an iron altar of Okawaru.
  8498 | D:8      | Found a shadowy altar of Dithmenos.
  8498 | D:8      | Found a snail-covered altar of Cheibriados.
  8522 | D:8      | Found a staircase to the Lair.
  8540 | D:8      | Became a worshipper of Warmaster Okawaru
  8615 | D:8      | Noticed a kobold demonologist
  8725 | D:8      | Learned a level 4 spell: Dimensional Bullseye
  8730 | D:8      | Learned a level 4 spell: Cause Fear
  8783 | D:8      | Found a large runed translucent door.
  8784 | D:8      | Found a large runed translucent door.
  8786 | D:8      | Found a shimmering altar of Xom.
  8786 | D:8      | Noticed a brown ugly thing
  8936 | Lair:1   | Entered Level 1 of the Lair of Beasts
  8953 | Lair:1   | Reached skill level 2 in Evocations
  9045 | Lair:1   | Noticed a cane toad
  9049 | Lair:1   | Noticed a cane toad
  9052 | Lair:1   | Killed a cane toad
  9053 | Lair:1   | Reached skill level 1 in Translocations
  9053 | Lair:1   | Reached skill level 1 in Invocations
  9057 | Lair:1   | Killed a cane toad
  9058 | Lair:1   | Reached skill level 3 in Evocations
  9114 | Lair:1   | Reached * piety under Okawaru
  9719 | D:9      | Found Tobuom Fawk's Weapon Shop.
 10045 | D:9      | Noticed a two-headed ogre
 10067 | D:9      | Killed a two-headed ogre
 10068 | D:9      | Reached skill level 4 in Evocations
 10166 | D:9      | Reached ** piety under Okawaru
 10298 | D:9      | Noticed a two-headed ogre
 10342 | D:9      | Killed a two-headed ogre
 10343 | D:9      | Reached XP level 11. HP: 78/81 MP: 8/18
 10502 | D:9      | Found a sacrificial altar of Ru.
 10714 | D:9      | Reached skill level 5 in Evocations
 11019 | D:9      | Noticed a two-headed ogre
 11027 | D:9      | Killed a two-headed ogre
 11030 | D:9      | Identified the +6 spear of Bloody Death {heavy, rF+ Str+5}
 11035 | D:9      | Reached skill level 6 in Evocations
 11038 | D:9      | Reached *** piety under Okawaru
 11149 | D:9      | Noticed a cyclops
 11194 | D:9      | Killed a cyclops
 11370 | D:9      | Noticed a two-headed ogre
 11386 | D:9      | Killed a two-headed ogre
 11515 | D:9      | Noticed a cyclops
 11524 | D:9      | Noticed a deep elf pyromancer
 11525 | D:9      | Killed a cyclops
 11526 | D:9      | Reached skill level 5 in Translocations
 11531 | D:9      | Killed a deep elf pyromancer
 11532 | D:9      | Reached skill level 7 in Evocations
 11545 | D:9      | Reached **** piety under Okawaru
 11549 | D:9      | Noticed a boulder beetle
 11563 | D:9      | Killed a boulder beetle
 11585 | D:9      | Noticed a centaur warrior
 11599 | D:9      | Killed a centaur warrior
 11716 | D:9      | Noticed a centaur warrior
 11730 | D:9      | Killed a centaur warrior
 11731 | D:9      | Reached XP level 12. HP: 77/89 MP: 18/20
 11735 | D:9      | Noticed a boulder beetle
 11767 | D:9      | Killed a boulder beetle
 11767 | D:9      | Reached ***** piety under Okawaru
 11768 | D:9      | Reached skill level 8 in Evocations
 12124 | D:9      | Found the +0 pair of gloves of the gadgeteer {Gadgeteer
                  | Wandboost ^Fragile}
 12129 | D:9      | Got Sif Muna's Volume of Elliptic Momentum
 12243 | D:10     | Entered Level 10 of the Dungeon
 12325 | D:10     | Found a staircase to the Orcish Mines.
 12923 | D:10     | Found Xemisuoq's Book Boutique.
 12932 | D:10     | Bought a book of Vapours for 338 gold pieces
 13096 | D:10     | Noticed Maurice
 13106 | D:10     | Killed Maurice
 13622 | D:10     | Found a sparkling altar of Nemelex Xobeh.
 13623 | D:10     | Found a glowing golden altar of the Shining One.
 13683 | D:11     | Found Cenoklur's Weapon Shoppe.
 13741 | D:11     | Noticed Sonja
 13749 | D:11     | Noticed a two-headed ogre
 13751 | D:11     | Killed Sonja
 13752 | D:11     | Reached skill level 9 in Evocations
 13773 | D:11     | Slain by a two-headed ogre

Illustrated notes

Levels and vault maps discovered:
D:1:      dpeg_arrival_stone_temple_mockup, layout_basic,
          nicolae_twisty_statue_hallways
D:2:      layout_rooms, uniq_crazy_yiuf_cottage
D:3:      lemuel_castle_with_subvaults [lemuel_castle_interior_carwin_2],
          layout_rooms
D:4:      layout_rooms, nzn_hepliaklqana_mist_gate,
          mainiacjoe_overflow_tiny_flanked, temple_green
D:5:      kennysheep_kobold_camp, layout_loops_ring, hangedman_minor_gate_pass
D:6:      layout_layer_cave, kennysheep_mini, uniq_edmund
D:7:      layout_loops_ring, yredelemnul_altar_generic, minmay_misc_feat_roman,
          serial_bayou_pond_d
D:8:      due_chaos_kobolds, layout_loops_ring, gammafunk_temple_overflow_claw,
          lair_entry_dummy, minmay_misc_feat_tiny
D:9:      minmay_the_grid_square_5x5_4x4 [minmay_the_grid_square_5x5_slash,
          minmay_the_grid_square_5x5_trominoes, minmay_the_grid_square_5x5_c,
          minmay_the_grid_square_5x5_v, minmay_the_grid_square_5x5_doubleslash,
          minmay_the_grid_square_5x5_prize_junk,
          minmay_the_grid_square_5x5_prize_gold,
          minmay_the_grid_square_5x5_hollow_slash,
          minmay_the_grid_square_5x5_shrine1,
          minmay_the_grid_square_5x5_prize_monsterx,
          minmay_the_grid_square_5x5_prize_rear_guard,
          minmay_the_grid_square_5x5_n_small, minmay_the_grid_square_5x5_tie,
          minmay_the_grid_square_5x5_tri_point,
          minmay_the_grid_square_5x5_checkered_statues,
          minmay_the_grid_square_5x5_two_walls_a], layout_rooms,
          lemuel_round_altar, serial_shops, nicolae_shop_bloodbath_and_beyond
D:10:     layout_roguey, gammafunk_temple_overflow_pools,
          minmay_orc_entry_guard_dogs, serial_shops, shop,
          chequers_serial_rivers_large_b, uniq_maurice
D:11:     layout_cave_pools, serial_shops, shop, portal_ice_cave_rime,
          uniq_sonja
Temple:   nicolae_temple_slightly_damp_pantheon
Lair:1:   layout_gridlike

Skill      XL: |  1  2  3  4  5  6  7  8  9 10 11 12 |
---------------+-------------------------------------+-----
Fire Magic     | 1 2 3 4 5 |  5.2
Dodging        | 2 |  2.0
Ranged Weapons | 2 3 4 5 6 8 |  8.6
Hexes          | 3 4 5 6 7 |  7.0
Fighting       | 2 3 4 5 6 7 |  7.7
Spellcasting   | 2 3 4 5 6 |  6.0
Alchemy        | 1 2 3 5 6 7 |  7.0
Evocations     | 4 7 9 |  9.1
Translocations | 3 5 |  5.8
Invocations    | 2 3 |  3.0

Action                     |  1- 3 |  4- 6 |  7- 9 | 10-12 || total
---------------------------+-------+-------+-------+-------++-------
   Fire: Sling             |   206 |   432 |   738 |   840 ||  2216
   Cast: Jinxbite          |     1 |       |    15 |    38 ||    54
         Olgreb's Toxic Ra |       |       |     2 |    22 ||    24
         Inner Flame       |       |       |     1 |    13 ||    14
         Cause Fear        |       |       |       |     8 ||     8
 Invoke: Heroism           |       |       |       |     1 ||     1
  Evoke: Wand              |       |       |     1 |    12 ||    13
    Use: Scroll            |       |       |    15 |    14 ||    29
         Potion            |       |       |     5 |     3 ||     8
 Armour: Robe              |    15 |    45 |   111 |       ||   171
         Skin              |       |       |    16 |       ||    16
         Steam dragon scal |       |       |    16 |   259 ||   275
  Dodge: Dodged            |    28 |    39 |   100 |   201 ||   368

Table legend: (Time is in decaauts)
 A = Elapsed time spent in this place.
 B = Non-inter-level travel time spent in this place.
 C = Inter-level travel time spent in this place.
 D = Time resting spent in this place.
 E = Time spent auto-exploring this place.
 F = Levels seen in this place.
 G = Mean time per level.
                   A        B        C        D        E       F      G
               +--------+--------+--------+--------+--------+-----+--------+
         Total |  14015 |  13433 |    582 |   1095 |   9965 |  13 | 1078.1 |
       Dungeon |  13222 |  12660 |    562 |   1095 |   9305 |  11 | 1202.0 |
        Temple |     24 |     22 |      2 |      0 |      0 |   1 |   24.0 |
          Lair |    768 |    751 |     17 |      0 |    660 |   1 |  768.0 |
               +--------+--------+--------+--------+--------+-----+--------+

Top non-repeatable levels by time:
     D:9: 2541 daAuts
     D:6: 1584 daAuts
     D:5: 1568 daAuts
     D:3: 1495 daAuts
     D:7: 1280 daAuts
     D:8: 1239 daAuts
    D:10: 1147 daAuts
     D:4: 907 daAuts
  Lair:1: 768 daAuts
     D:2: 679 daAuts
     D:1: 672 daAuts
    D:11: 103 daAuts
  Temple: 24 daAuts
